 Dungeon Crawl Stone Soup version 0.19.1 (webtiles) character file.

5026 Haldmier the Quickloader (level 10, -1/60 HPs)
             Began as a Kobold Arcane Marksman on Dec 20, 2016.
             Was a Follower of Ashenzari.
             Slain by an orc knight
             ... wielding a +0 broad axe
              (31 damage)
             ... in a bailey.
             The game lasted 01:26:48 (16589 turns).

Haldmier the Quickloader (Kobold Arcane Marksman)  Turns: 16589, Time: 01:26:49

Health: -1/60      AC:  7    Str:  8    XL:     10   Next: 84%
Magic:  10/16      EV: 18    Int: 14    God:    Ashenzari [*.....]
Gold:   440        SH:  0    Dex: 19    Spells: 5 memorised, 4 levels left

rFire  . . .     SeeInvis .     b - +1 dagger (venom)
rCold  . . .     Gourm    .     s - +0 leather armour
rNeg   + . .     Faith    .     (shield restricted)
rPois  .         Spirit   .     h - +1 helmet
rElec  .         Reflect  .     E - +0 cloak
rCorr  .         Harm     .     r - +0 pair of gloves
MR     .....                    (no boots)
Stlth  ++........               (no amulet)
                                (no ring)
                                y - ring of positive energy

@: exhausted, slowed, very slow
A: carnivore 3
a: Curse Item, Scrying, Renounce Religion


You were in a bailey.
You worshipped Ashenzari.
Ashenzari was aware of your devotion.
You were completely stuffed.

You visited 1 branch of the dungeon, and saw 9 of its levels.
You also visited: Ossuary and Bailey.

You collected 440 gold pieces.

Inventory:

Hand Weapons
 a - a +0 hand crossbow
 b - a +1 dagger of venom (weapon)
 i - a +2 whip of flaming
 z - a +0 blowgun
 B - a +0 hunting sling
 H - a +0 rapier of draining
 I - a +1 trident of piercing
 L - a +0 shortbow
 O - a +2 long sword of electrocution
 R - a +1 spear of flaming
 W - a +1 arbalest of freezing
Missiles
 d - 14 bolts
 k - 71 sling bullets
 A - 14 poisoned needles
 C - 356 stones (quivered)
 N - 18 arrows
Armour
 h - a +1 helmet (worn)
 r - a +0 pair of gloves (worn)
 s - a +0 leather armour (worn)
 E - a +0 cloak (worn)
 M - a +1 ring mail of fire resistance
 S - a +0 buckler
Jewellery
 y - a ring of positive energy (left hand)
Wands
 u - a wand of acid (9/15)
 J - a wand of lightning (8/15)
 P - a wand of iceblast (6/15)
 T - a wand of polymorph (14/24)
Scrolls
 e - a scroll of amnesia
 l - 2 scrolls of recharging
 m - 3 scrolls of remove curse
 p - a scroll of magic mapping
 q - 3 scrolls of identify
 t - a scroll of fog
Potions
 g - 2 potions of curing
 j - 2 potions of brilliance
 v - a potion of resistance
 w - a potion of lignification
 x - 2 potions of ambrosia
 D - 6 potions of flight
 F - a potion of haste
 G - a potion of agility
 U - a potion of cure mutation
Books
 c - a book of Debilitation

   Spells                             Type                      Level
   a - Corona                         Hexes                        1
   b - Slow                           Hexes                        2
   c - Gell's Gravitas                Hexes/Translocation          3
   d - Inner Flame                    Hexes/Fire                   3
   e - Cause Fear                     Hexes                        4
   f - Leda's Liquefaction            Hexes/Earth                  4
 V - a book of Flames

   Spells                             Type                      Level
   a - Flame Tongue                   Conjuration/Fire             1
   b - Throw Flame                    Conjuration/Fire             2
   c - Conjure Flame                  Conjuration/Fire             3
   d - Inner Flame                    Hexes/Fire                   3
   e - Sticky Flame                   Conjuration/Fire             4
   f - Fireball                       Conjuration/Fire             5
Comestibles
 f - 9 meat rations
 o - a slice of pizza
 K - a royal jelly
 Q - 11 chunks of flesh


   Skills:
 - Level 5.7 Fighting
 - Level 10.3 Crossbows
 + Level 5.8 Dodging
 - Level 3.0 Stealth
 - Level 4.1 Spellcasting
 + Level 10.1 Hexes


You had 4 spell levels left.
You knew the following spells:

 Your Spells              Type           Power        Failure   Level  Hunger
a - Corona                Hex            ####...      1%          1    None
b - Slow                  Hex            ####....     1%          2    ##.....
c - Gell's Gravitas       Hex/Tloc       ###.......   12%         3    ###....
d - Inner Flame           Hex/Fire       ###.....     12%         3    ###....
e - Cause Fear            Hex            ####......   4%          4    ####...


Dungeon Overview and Level Annotations

Branches:
Dungeon (9/15)             Temple (0/1) D:6
   Lair: D:8-11         Orc: D:9-12

Altars:
Ashenzari
Dithmenos
Qazlal
Xom

Annotations:
D:9 Erolcha


Innate Abilities, Weirdness & Mutations

You are small and have problems with some larger weapons.
You are carnivorous and can eat meat at any time.


Message History

You closely miss the orc knight.
The orc knight is severely wounded.
You closely miss the orc knight.
The orc knight is severely wounded.
You completely miss the orc knight.
The orc knight is severely wounded.
You are no longer berserk.
You are exhausted.
You feel yourself slow down.
The orc knight hits you but does no damage.
Some of the chunks of flesh in your inventory have rotted away.
You now have 29/60 hp.
You hit the orc knight but do no damage.
The orc knight looks as sick as possible!
The orc knight is severely wounded.
You closely miss the orc knight.
The orc knight is severely wounded.
The orc knight hits you with a broad axe!!
Ouch! That really hurt!
You die...

#######.)...⌠...g.#######
##.........## #.........#
##.).....## #...)...#
##.)..)## ♣##)')##♣
♣.).)o).♣ ♣♣♣...)@).♣♣♣
♣...).∩.....♣
♣♣...).....♣♣
♣.....∩.)..♣♣
♣♣..........♣
♣♣......♣♣♣♣ ♣♣♣.♣..♣
♣♣♣♣♣♣


You could see an orc knight.

Vanquished Creatures
  Pikel (D:4)
  Maurice (D:8)
  Prince Ribbit (D:8)
  A hippogriff (D:8)
  A spriggan (D:7)
  Duvessa (D:6)
  2 ice beasts
  A slave (D:4)
  A sky beast (D:5)
  4 orc warriors (Bailey)
  3 black bears
  2 phantoms
  A centaur (D:7)
  3 ogres
  2 big kobolds
  Blork the orc (D:5)
  A bullfrog (D:6)
  2 water moccasin zombies (Ossuary)
  Dowan (D:6)
  3 scorpions
  8 crimson imps
  A quasit (D:7)
  A jelly (D:5)
  Crazy Yiuf (D:5)
  9 orc wizards
  3 orc priests
  4 hounds
  A bullfrog skeleton (D:5)
  Natasha (thrice) (D:2)
  An iguana (D:8)
  5 worker ants
  A big kobold zombie (Ossuary)
  A hound zombie (D:7)
  2 hound skeletons
  2 mummies (Ossuary)
  Robin (D:2)
  4 gnolls (Bailey)
  2 howler monkey zombies
  10 adders
  4 shadow imps
  An ooze (D:2)
  3 adder skeletons
  4 adder zombies (Ossuary)
  3 worms
  A dart slug (D:3)
  3 leopard geckos
  26 orcs
  3 ball pythons
  4 giant cockroaches
  34 goblins
  19 hobgoblins
  16 jackals
  5 quokkas
  3 bats
  7 frilled lizards
  A giant cockroach zombie (D:5)
  2 gnoll zombies (Ossuary)
  8 hobgoblin zombies (Ossuary)
  A jackal skeleton (D:6)
  15 kobolds
  7 kobold zombies (Ossuary)
  A leopard gecko skeleton (D:6)
  2 orc zombies (Ossuary)
  5 rats
271 creatures vanquished.

Vanquished Creatures (others)
  An orc wizard (D:6)
1 creature vanquished.

Grand Total: 272 creatures vanquished

Notes
Turn   | Place    | Note
-------+----------+-------------------------------------------
     0 | D:1      | Haldmier the Kobold Arcane Marksman began the quest for the Orb.
     0 | D:1      | Reached XP level 1. HP: 12/12 MP: 2/2
   568 | D:1      | Reached XP level 2. HP: 13/17 MP: 0/3
   569 | D:1      | Reached skill level 1 in Stealth
  1332 | D:2      | Noticed Robin
  1525 | D:2      | Reached XP level 3. HP: 21/21 MP: 2/4
  1731 | D:2      | Learned a level 2 spell: Slow
  1956 | D:2      | Reached XP level 4. HP: 13/28 MP: 1/5
  2831 | D:2      | Killed Robin
  2836 | D:2      | Reached XP level 5. HP: 24/32 MP: 4/7
  3029 | D:2      | Noticed Natasha
  3256 | D:2      | Killed Natasha
  3448 | D:2      | Noticed Natasha
  3471 | D:2      | Killed Natasha
  3776 | D:2      | Noticed Natasha
  3785 | D:2      | Killed Natasha
  3785 | D:2      | Reached XP level 6. HP: 26/38 MP: 5/9
  3900 | D:2      | Learned a level 3 spell: Gell's Gravitas
  3904 | D:2      | Learned a level 3 spell: Inner Flame
  4432 | D:3      | Found a shimmering altar of Xom.
  4433 | D:3      | Found a shimmering altar of Xom.
  4433 | D:3      | Found a shimmering altar of Xom.
  4433 | D:3      | Found a shimmering altar of Xom.
  4438 | D:3      | Found a shimmering altar of Xom.
  5325 | D:4      | Noticed a slave
  5325 | D:4      | Noticed a slave
  5326 | D:4      | Noticed Pikel
  5326 | D:4      | Noticed a slave
  5326 | D:4      | Noticed a slave
  5371 | D:4      | HP: 1/39 [Pikel/whip of flaming (1)]
  5717 | D:4      | Found a sand-covered staircase.
  5724 | Ossuary  | Entered an ossuary
  6239 | Ossuary  | Reached XP level 7. HP: 44/44 MP: 7/11
  7276 | D:4      | Reached skill level 5 in Fighting
  7339 | D:4      | Found a shattered altar of Ashenzari.
  7734 | D:4      | Became a worshipper of Ashenzari the Shackled
  7827 | D:4      | Killed Pikel
  7827 | D:4      | Reached skill level 5 in Crossbows
  7827 | D:4      | Reached skill level 5 in Hexes
  7827 | D:4      | Reached XP level 8. HP: 13/51 MP: 7/14
  7840 | D:4      | Learned a level 4 spell: Cause Fear
  8290 | D:5      | Entered Level 5 of the Dungeon
  8555 | D:5      | Noticed Blork the orc
  8892 | D:5      | Reached XP level 9. HP: 55/55 MP: 12/15
  9291 | D:5      | Found a runed door.
  9298 | D:5      | Noticed Crazy Yiuf
  9382 | D:5      | Killed Crazy Yiuf
  9660 | D:5      | Killed Blork the orc
 11588 | D:6      | Found a staircase to the Ecumenical Temple.
 11612 | D:6      | Noticed Duvessa
 11612 | D:6      | Noticed Dowan
 11631 | D:6      | Killed Duvessa
 11638 | D:6      | Killed Dowan
 11875 | D:6      | Reached * piety under Ashenzari
 12397 | D:7      | Found a stormy altar of Qazlal.
 12548 | D:7      | Reached XP level 10. HP: 28/60 MP: 14/16
 13362 | D:7      | Reached skill level 10 in Crossbows
 13807 | D:8      | Noticed Maurice
 14530 | D:8      | Killed Maurice
 14855 | D:8      | Found a shadowy altar of Dithmenos.
 15003 | D:8      | Noticed Prince Ribbit
 15173 | D:8      | Killed Prince Ribbit
 15224 | D:8      | Reached skill level 5 in Dodging
 15506 | D:9      | Noticed Erolcha
 15541 | D:9      | Found a flagged portal.
 15548 | Bailey   | Entered a bailey
 16000 | Bailey   | Reached skill level 10 in Hexes
 16544 | Bailey   | Noticed an orc knight
 16589 | Bailey   | Slain by an orc knight

Skill      XL: |  1  2  3  4  5  6  7  8  9 10 |
---------------+-------------------------------+-----
Stealth        | 2 3 |  3.0
Fighting       | 2 3 4 5 |  5.7
Crossbows      | 3 4 5 6 9 10 | 10.3
Spellcasting   | 2 4 |  4.1
Hexes          | 5 6 8 10 | 10.1
Dodging        | 5 |  5.8

Action                   |  1- 3 |  4- 6 |  7- 9 | 10-12 || total
-------------------------+-------+-------+-------+-------++-------
Melee: Spear             |   100 |   247 |   161 |       ||   508
       Unarmed           |       |    11 |       |    18 ||    29
       Dagger            |       |       |   432 |   298 ||   730
       Whip              |       |       |    13 |    23 ||    36
       Long sword        |       |       |       |    40 ||    40
 Fire: Hand crossbow     |       |    24 |    28 |    20 ||    72
       Blowgun           |       |       |       |    28 ||    28
       Hunting sling     |       |       |       |     7 ||     7
Throw: Stone             |       |       |       |     3 ||     3
 Cast: Corona            |    24 |    58 |   118 |    79 ||   279
       Slow              |     1 |    16 |    38 |    32 ||    87
       Cause Fear        |       |       |       |     1 ||     1
  Use: Potion            |       |     2 |     2 |     1 ||     5
       Scroll            |       |     1 |    20 |     4 ||    25
 Stab: Sleeping          |     3 |    10 |     5 |     3 ||    21
       Confused          |       |     2 |       |       ||     2
  Eat: Chunk             |    13 |    14 |    26 |    14 ||    67
Armor: Robe              |    12 |    32 |       |       ||    44
       Skin              |       |     1 |       |     1 ||     2
       Leather armour    |       |     8 |   128 |    61 ||   197
Dodge: Dodged            |    69 |   185 |   339 |   261 ||   854
       Rpst.: Long sword |       |       |       |     8 ||     8
